 Dungeon Crawl Stone Soup version 0.17.1-3-g152610e (webtiles) character file.

117 imbaray the Ducker (level 4, -1/34 HPs)
             Began as a Demonspawn Gladiator on Apr 11, 2016.
             Slain by Breadlance's ghost (2 damage)
             ... on level 3 of the Dungeon.
             The game lasted 00:04:19 (2514 turns).

imbaray the Ducker (Demonspawn Gladiator)           Turns: 2514, Time: 00:04:20

Health: -1/34      AC: 11    Str: 16    XL:     4   Next: 71%
Magic:  4/4        EV: 11    Int:  9    God:
Gold:   166        SH:  0    Dex: 14    Spells: 0 memorised, 3 levels left

rFire  . . .     SeeInvis .     a - +0 flail
rCold  + . .     Clarity  .     j - +0 scale mail
rNeg   . . .     SustAt   .     (no shield)
rPois  .         Gourm    .     c - +0 helmet
rElec  .         Spirit   .     (no cloak)
rCorr  .         Warding  .     n - +1 pair of gloves
rMut   .         Stasis   .     (no boots)
MR     .....                    (no amulet)
Stlth  ..........               (no ring)
                                (no ring)

@: not resistant to hostile enchantments, extremely unstealthy
A: thin metallic scales 1, cold resistance 1, freezing cloud immunity
a: no special abilities


You were on level 3 of the Dungeon.
You were not hungry.

You visited 1 branch of the dungeon, and saw 3 of its levels.

You collected 166 gold pieces.

Inventory:

Hand Weapons
 a - a +0 flail (weapon)
Missiles
 d - 3 throwing nets (quivered)
Armour
 b - a +0 leather armour
 c - a +0 helmet (worn)
 j - a +0 scale mail (worn)
 n - a +1 pair of gloves (worn)
Scrolls
 g - 3 scrolls of recharging {unknown}
 h - a scroll of noise {unknown}
 k - a scroll of remove curse {unknown}
 l - 4 scrolls of identify {unknown}
 o - 2 scrolls of magic mapping {unknown}
 p - 3 scrolls of amnesia {unknown}
 x - a scroll of teleportation {unknown}
Potions
 f - a potion of magic {unknown}
 m - 2 potions of curing {unknown}
 q - 2 potions of lignification {unknown}
 s - a potion of heal wounds {unknown}
 t - a potion of haste
 u - a potion of flight {unknown}
 v - a potion of cancellation {unknown}
 w - a potion of mutation {unknown}
 z - a potion of brilliance {unknown}
Books
 y - a Young Poisoner's Handbook

   Spells                             Type                      Level
   a - Sting                          Conjuration/Poison           1
   b - Cure Poison                    Poison                       2
   c - Mephitic Cloud                 Conjuration/Poison/Air       3
   d - Olgreb's Toxic Radiance        Poison                       4
   e - Venom Bolt                     Conjuration/Poison           5
Comestibles
 e - 4 bread rations
 i - 2 beef jerkies
 r - 2 meat rations


   Skills:
 + Level 2.8 Fighting
 + Level 3.4 Maces & Flails
 - Level 1.7 Throwing
 + Level 1.5 Armour
 + Level 3.5 Dodging


You had 3 spell levels left.
You didn't know any spells.

Dungeon Overview and Level Annotations

Branches:
Dungeon (3/15)

Altars:

Annotations:
D:3 Breadlance's ghost, weakling MiFi


Innate Abilities, Weirdness & Mutations

You are partially covered in thin metallic scales (AC +2).
Your flesh is cold resistant.
You are immune to freezing clouds.


Message History

Breadlance's ghost completely misses you.
Your scale mail prevents you from hitting Breadlance's ghost.
Breadlance's ghost hits you but does no damage.
You closely miss Breadlance's ghost. Breadlance's ghost barely misses you.
Breadlance's ghost closely misses you.
You closely miss Breadlance's ghost. Breadlance's ghost hits you!
Your scale mail prevents you from hitting Breadlance's ghost.
Breadlance's ghost closely misses you.
You hit Breadlance's ghost.
Breadlance's ghost is lightly damaged.
Breadlance's ghost hits you!
You hit Breadlance's ghost but do no damage.
Breadlance's ghost is lightly damaged.
Breadlance's ghost hits you!
* * * LOW HITPOINT WARNING * * *
Breadlance's ghost barely misses you.
You hit Breadlance's ghost.
Breadlance's ghost is moderately damaged.
Breadlance's ghost hits you.
You die...

##########.#....
#..# #.#... #..#
######.#. #...
##...##.# #..##
##)###.#.# #.#
#.## ##..# ####
#.# ##..# ...
#.####..####.####
##.##....@W.....#
##...(#####.##....
##...# .# . #####
.. ###


You could see Breadlance's ghost.

Vanquished Creatures
  A worker ant (D:3)
  4 adders (D:2)
  An ooze (D:1)
  2 giant geckos
  4 giant cockroaches
  6 goblins
  7 hobgoblins
  7 kobolds
  A ball python (D:2)
  9 bats
  5 giant newts
  6 rats
53 creatures vanquished.

Notes
Turn   | Place    | Note
--------------------------------------------------------------
     0 | D:1      | imbaray the Demonspawn Gladiator began the quest for the Orb.
     0 | D:1      | Reached XP level 1. HP: 16/16 MP: 1/1
   225 | D:1      | Gained mutation: Your flesh is cold resistant. [demonic ancestry]
   225 | D:1      | Reached XP level 2. HP: 16/22 MP: 2/2
   452 | D:1      | Reached skill level 3 in Dodging
   910 | D:2      | Gained mutation: You are partially covered in thin metallic scales (AC +2). [demonic ancestry]
   910 | D:2      | Reached XP level 3. HP: 25/27 MP: 3/3
  1334 | D:2      | Reached skill level 1 in Armour
  1476 | D:2      | Gained mutation: You are immune to freezing clouds. [demonic ancestry]
  1476 | D:2      | Reached XP level 4. HP: 34/34 MP: 4/4
  2503 | D:3      | Noticed Breadlance's ghost (weakling MiFi)
  2513 | D:3      | HP: 1/34 [Breadlance's ghost (11)]
  2514 | D:3      | Slain by Breadlance's ghost

Action                   |  1- 3 |  4- 6 || total
-------------------------+-------+-------++-------
Melee: Flail             |   135 |    79 ||   214
 Stab: Sleeping          |     1 |       ||     1
  Eat: Chunk             |     2 |     2 ||     4
       Pizza             |       |     1 ||     1
